 Dungeon Crawl Stone Soup version 0.23.2-1-ga50397a (webtiles) character file.

Game seed: 13516282044890269426

247 IBeShadow the Caller (level 5, -1/45 HPs)
             Began as a Draconian Summoner on May 15, 2019.
             Slain by an orc wizard
             ... wielding a +1 dagger of freezing
              (2 damage)
             ... on level 4 of the Dungeon.
             The game lasted 00:05:26 (3873 turns).

IBeShadow the Caller (Draconian Summoner)           Turns: 3873, Time: 00:05:26

Health: -1/45      AC:  8    Str: 12    XL:     5   Next: 85%
Magic:  3/10       EV: 12    Int: 15    God:
Gold:   59         SH:  0    Dex: 11    Spells: 8/11 levels left

rFire    . . .     SeeInvis .   f - +0 hand axe
rCold    . . .     Gourm    .   (no shield)
rNeg     . . .     Faith    .   (armour unavailable)
rPois    .         Spirit   .   (helmet restricted)
rElec    .         Reflect  .   j - +2 cloak
rCorr    .         Harm     .   (no gloves)
MR       .....                  (no boots)
Stlth    ++........             (no amulet)
HPRegen  0.15/turn              (no ring)
MPRegen  0.12/turn              (no ring)

@: slowed, very slow
A: unfitting armour, cold-blooded, AC +5
a: no special abilities


You were on level 4 of the Dungeon.
You were hungry.

You visited 1 branch of the dungeon, and saw 4 of its levels.

You collected 59 gold pieces.

Inventory:

Hand Weapons
 f - a +0 hand axe (weapon)
Armour
 j - a +2 cloak (worn)
Jewellery
 t - a +2 ring of evasion
Wands
 r - a wand of acid (4)
 w - a wand of polymorph (8)
Scrolls
 c - 2 scrolls of teleportation {unknown}
 d - a scroll of magic mapping {unknown}
 g - 2 scrolls of immolation {unknown}
 i - 3 scrolls of fear {unknown}
 m - 5 scrolls of remove curse {unknown}
 p - a scroll of noise {unknown}
 q - 2 scrolls of identify {unknown}
 s - a scroll of amnesia {unknown}
 v - a scroll of enchant weapon {unknown}
Potions
 a - a potion of magic {unknown}
 e - a potion of haste
 h - 2 potions of flight {unknown}
 k - a potion of mutation {unknown}
 l - 5 potions of curing {unknown}
 n - 2 potions of heal wounds {unknown}
 o - a potion of degeneration {unknown}
 u - a potion of invisibility {unknown}
 x - a potion of berserk rage {unknown}
Comestibles
 b - 6 rations
 z - 3 chunks of flesh


   Skills:
 + Level 3.4 Fighting
 - Level 1.7 Dodging
 - Level 1.7 Stealth
 + Level 3.6 Spellcasting
 + Level 5.2 Summonings


You had 8 spell levels left.
You knew the following spells:

 Your Spells              Type           Power        Failure   Level  Hunger
a - Summon Small Mammal   Summ           ###.         2%          1    None
b - Call Imp              Summ           ###.....     3%          2    ##.....

Your spell library contained the following spells:

 Spells                   Type           Power        Failure   Level  Hunger
 Call Canine Familiar     Summ           ###.....     7%          3    ###....
 Summon Guardian Golem    Hex/Summ       ##......     19%         3    ###....
 Summon Ice Beast         Ice/Summ       ##......     54%         4    ####...
 Summon Lightning Spire   Summ/Air       ##......     54%         4    ####...


Dungeon Overview and Level Annotations

Branches:
Dungeon (4/15)
 Temple: D:4-7

Altars:
Cheibriados
Elyvilon
Fedhas
Gozag
Xom


Innate Abilities, Weirdness & Mutations

Your plain brown scales are hard. (AC +5)
You cannot fit into any form of body armour.
You are cold-blooded and may be slowed by cold attacks.


Message History

Something hits you.
* * * LOW HITPOINT WARNING * * *
You feel as though you will be slow longer.
Something freezes you.
* * * LOW HITPOINT WARNING * * *
Your white imp hits the orc wizard but does no damage.
Your shadow imp misses something.
The orc barely misses you.
The orc wizard hits your white imp but does no damage.
Something hits you but does no damage.
Your white imp closely misses the orc wizard.
The orc wizard casts a spell at your white imp.
Your white imp seems to slow down.
The orc hits you with a +0 flail.
* * * LOW HITPOINT WARNING * * *
The orc wizard barely misses your white imp.
Your white imp hits the orc wizard but does no damage.
Something hits you.
* * * LOW HITPOINT WARNING * * *
Something freezes you.
You die...

.. #.......
...#......#
...#......#
......††..# ..
#......#
...#......# .
..........#####...
#.................
#....5.5)@.....###
#.....o.o......#
#.....##.#########.
#..... #...<.......
#..... ############
#..... #.... #...


You could see an orc wizard, an orc, a friendly white imp and a friendly shadow
imp.

Vanquished Creatures
  Natasha (D:3)
  2 adders (D:3)
  An ooze (D:1)
  2 worms
  A leopard gecko (D:1)
  2 orcs (D:3)
  2 giant cockroaches (D:1)
  4 goblins (D:2)
  6 hobgoblins
  11 jackals
  11 kobolds
  A quokka (D:3)
  A ball python (D:3)
  6 bats
  A frilled lizard (D:2)
  7 rats
59 creatures vanquished.

Vanquished Creatures (collateral kills)
  A bullfrog (D:3)
  3 orc wizards
  Ijyb (D:3)
  Natasha (twice) (D:3)
  An adder (D:3)
  An orc (D:4)
  A bat (D:3)
  A giant cockroach (D:3)
  A hobgoblin (D:3)
  A frilled lizard (D:3)
13 creatures vanquished.

Grand Total: 72 creatures vanquished

Notes
Turn   | Place    | Note
-------+----------+-------------------------------------------
     0 | D:1      | IBeShadow the Draconian Summoner began the quest for the
                  | Orb.
     0 | D:1      | Reached XP level 1. HP: 14/14 MP: 3/3
   621 | D:1      | Reached XP level 2. HP: 22/22 MP: 5/5
   905 | D:1      | Reached skill level 1 in Fighting
  1495 | D:2      | Found a shimmering altar of Xom.
  1523 | D:2      | Reached XP level 3. HP: 28/28 MP: 6/6
  1530 | D:2      | Learned a level 2 spell: Call Imp
  1719 | D:2      | Found an opulent altar of Gozag.
  1777 | D:2      | Found a snail-covered altar of Cheibriados.
  1820 | D:2      | Found a blossoming altar of Fedhas.
  2645 | D:3      | Reached XP level 4. HP: 15/36 MP: 1/8
  2758 | D:3      | Noticed Natasha
  2760 | D:3      | Noticed a bullfrog
  2767 | D:3      | Found a white marble altar of Elyvilon.
  2800 | D:3      | Killed a bullfrog
  2801 | D:3      | Killed Natasha
  2801 | D:3      | Reached XP level 5. HP: 9/44 MP: 1/9
  2908 | D:3      | Noticed Natasha
  2914 | D:3      | Killed Natasha
  3062 | D:3      | Noticed Natasha
  3075 | D:3      | Killed Natasha
  3075 | D:3      | Reached skill level 5 in Summonings
  3239 | D:3      | Noticed Ijyb
  3259 | D:3      | Killed Ijyb
  3873 | D:4      | HP: 1/45 [something (4)]
  3873 | D:4      | Slain by an orc wizard

Skill      XL: |  1  2  3  4  5 |
---------------+----------------+-----
Fighting       | 1 2 3 |  3.4
Spellcasting   | 3 |  3.6
Summonings     | 5 |  5.2
Dodging        | |  1.7
Stealth        | |  1.7

Action                   |  1- 3 |  4- 6 || total
-------------------------+-------+-------++-------
Melee: Unarmed           |    39 |       ||    39
       Tailslap          |    11 |    13 ||    24
       Hand axe          |   125 |   121 ||   246
 Cast: Summon Small Mamm |     1 |       ||     1
       Call Imp          |     4 |    16 ||    20
  Use: Potion            |       |     1 ||     1
 Stab: Sleeping          |     4 |     1 ||     5
       Distracted        |       |     1 ||     1
  Eat: Chunk             |     6 |     4 ||    10
Armor: Skin              |    68 |    65 ||   133
Dodge: Dodged            |   145 |   145 ||   290
